 Dungeon Crawl Stone Soup version 0.31-a0-221-gbddc013574 (webtiles) character file.

Game seed: 16782307924785918433

65 qw the Shooter (level 3, 0/29 HPs)
             Began as a Minotaur Hexslinger on July 3, 2023.
             Slain by an orc wizard
             ... wielding a +0 dagger
              (2 damage)
             ... on level 2 of the Dungeon.
             The game lasted 00:00:39 (1677 turns).

qw the Shooter (Minotaur Hexslinger)                Turns: 1677, Time: 00:00:39

Health: 0/29       AC:  4    Str: 12    XL:     3   Next: 92%
Magic:  3/3        EV: 12    Int: 10    God:
Gold:   71         SH:  0    Dex: 14    Spells: 3/4 levels left

rFire   . . .        Y - +1 sling
rCold   . . .        (no shield)
rNeg    . . .        c - +0 robe
rPois   .            (helmet restricted)
rElec   .            (no cloak)
rCorr   .            g - +1 pair of gloves
SInv    .            (no boots)
Will    .....        (no amulet)
Stlth   +            (no ring)
HPRegen 0.24/turn    (no ring)
MPRegen 0.08/turn

%: no passive effects
@: no status effects
A: horns 2, retaliatory headbutt
a: no special abilities


You were on level 2 of the Dungeon.
You visited 1 branch of the dungeon, and saw 3 of its levels.

You collected 71 gold pieces.


Innate Abilities, Weirdness & Mutations

You have a pair of horns on your head.
You reflexively headbutt those who attack you in melee.


   Skills:
 - Level 2.0 Fighting
 + Level 4.4 Ranged Weapons
 - Level 2.1 Dodging
 - Level 1.0 Spellcasting
 - Level 2.0 Hexes


You had 3 spell levels left.
You knew the following spells:

 Your Spells              Type           Power      Damage    Failure   Level
a - Slow                  Hex            16%        N/A       16%         1

Your spell library contained the following spells:

 Spells                   Type           Power      Damage    Failure   Level
 Inner Flame              Hex/Fire       2%         N/A       56%         3
 Portal Projectile        Hex/Tloc       4%         N/A       56%         3
 Cause Fear               Hex            2%         N/A       83%         4

Inventory:

Hand Weapons
 Y - a +1 sling (weapon)
Armour
 c - a +0 robe (worn)
 g - a +1 pair of gloves (worn)
Potions
 d - a potion of heal wounds
 e - a potion of cancellation {unknown}
 i - a potion of lignification {unknown}
 j - a potion of invisibility {unknown}

Dungeon Overview and Level Annotations

Branches:
Dungeon (3/15)

Altars:
Nemelex Xobeh


Message History

Something hits you. Something hits you.
You feel less confused. Something hits you.
1662 ||| FLEEEEING.
1663 ||| FLEEEEING.
Something hits you.
1664 ||| FLEEEEING.
There is a stone staircase leading up here.
1665 ||| STAIRDANCE Something hits you.
You climb upwards.
Reactivating autopickup.
There is a stone staircase leading down here.
There is a strange disturbance nearby!
Something hits you but does no damage.
Deactivating autopickup; reactivate with Ctrl-A.
You shoot a sling bullet. Something completely misses you.
You shoot a sling bullet. Something hits you.
You shoot a sling bullet. Something completely misses you.
You shoot a sling bullet.
You hear some strange, mumbled words.
You are confused.
Something completely misses you.
You shoot a sling bullet. Something hits you but does no damage.
You shoot a sling bullet. Something hits you.
You shoot a sling bullet. Something hits you.
You shoot a sling bullet. Something hits you.
You shoot a sling bullet. Something hits you.
You shoot a sling bullet.
You feel less confused. Something hits you. x2
You die...

.###........#####.###.>.......###
...........######.# #..........##
.##.#.......##....###..........##
....#.............#............##
#..##.....##......#.###.###.##.##
#..##.....##.#....#.# #.# #......
#..#..######.#....#.###.# #......
......# #.#....#.....###......
......# #...{@)#~....#...####.
......# ###....~~....#.#.# #.
......# ####.~~.~.......# #.
...##.## ##....~..~.....### #.
...##..#####....~~..~~~.....# #.
................~.......#..## #.
...#....###.....~..~......## #.
...%..%.........>..~~...### ##
....................~~....#####


There were no monsters in sight!

Vanquished Creatures
  2 adders
  A dart slug (D:2)
  2 orcs
  9 ball pythons
  3 bats
  3 endoplasms
  3 giant cockroaches (D:1)
  4 goblins
  3 hobgoblins
  A kobold (D:1)
  A quokka (D:3)
  3 frilled lizards
  6 rats
41 creatures vanquished.

Notes
Turn   | Place    | Note
-------+----------+-------------------------------------------
     0 | D:1      | qw the Minotaur Hexslinger began the quest for the Orb.
     0 | D:1      | Reached XP level 1. HP: 16/16 MP: 1/1
     0 | D:1      | 0 ||| qw: Version: 0.3-a-40-ge99b1a8
     0 | D:1      | 0 ||| qw: Game counter: 590
     0 | D:1      | 0 ||| qw: Melee chars always use a shield: true
     0 | D:1      | 0 ||| qw: God list: Okawaru
     0 | D:1      | 0 ||| qw: Allow faded altars: false
     0 | D:1      | 0 ||| qw: Do Orc after clearing Dungeon:15 true
     0 | D:1      | 0 ||| qw: Do second Lair branch before Depths: true
     0 | D:1      | 0 ||| qw: Lair rune preference: random
     0 | D:1      | 0 ||| qw: Goals: Normal
     0 | D:1      | 0 ||| PLANNING D:1-11
   187 | D:1      | Reached skill level 3 in Ranged Weapons
   187 | D:1      | Reached XP level 2. HP: 20/23 MP: 2/2
  1005 | D:1      | 1005 ||| UPGRADING to +0 pair of gloves.
  1010 | D:1      | 1010 ||| DROPPING ring of wizardry.
  1011 | D:1      | 1011 ||| READING scroll labelled WUFUCW MESSE.
  1012 | D:1      | 1012 ||| READING scroll labelled XAOS GUIFAIHE.
  1013 | D:1      | 1013 ||| DROPPING scroll of poison.
  1202 | D:2      | Reached XP level 3. HP: 29/29 MP: 3/3
  1250 | D:2      | Found a sparkling altar of Nemelex Xobeh.
  1263 | D:2      | 1263 ||| READING scroll of enchant armour.
  1263 | D:2      | 1263 ||| ENCHANTING +0 pair of gloves.
  1383 | D:2      | Reached skill level 4 in Ranged Weapons
  1497 | D:2      | 1497 ||| READING scroll labelled KOLUZXOREI.
  1498 | D:2      | 1498 ||| READING scroll labelled NIUSYPT BURPH.
  1499 | D:2      | 1499 ||| READING scroll labelled JIV JEOLOZENKO.
  1502 | D:2      | 1502 ||| DRINKING 2 coppery potions.
  1503 | D:2      | 1503 ||| DRINKING 2 metallic amethyst potions.
  1510 | D:2      | 1510 ||| DROPPING potion of ambrosia.
  1603 | D:3      | 1603 ||| FLEEEEING.
  1604 | D:3      | 1604 ||| FLEEEEING.
  1605 | D:3      | 1605 ||| FLEEEEING.
  1613 | D:3      | 1613 ||| STAIRDANCE
  1630 | D:3      | 1630 ||| STAIRDANCE
  1662 | D:3      | 1662 ||| FLEEEEING.
  1663 | D:3      | 1663 ||| FLEEEEING.
  1664 | D:3      | 1664 ||| FLEEEEING.
  1665 | D:3      | 1665 ||| STAIRDANCE
  1675 | D:2      | HP: 7/29 [something (3)]
  1677 | D:2      | HP: 2/29 [something (4)]
  1677 | D:2      | Slain by an orc wizard

Levels and vault maps discovered:
D:1:      amcnicky_arrival_blooded_trapdoor, layout_basic,
          hangedman_decor_peaks_small
D:2:      layout_rooms, basic_altar, chequers_serial_rivers_small_b
D:3:      minmay_diamond_boxcup, layout_loops_cross, okawaru_metal_pillars_1_2,
          uniq_natasha

Skill      XL: |  1  2  3 |
---------------+----------+-----
Ranged Weapons | 3 4 |  4.4
Fighting       | 2 |  2.0
Dodging        | |  2.1
Spellcasting   | |  1.0
Hexes          | |  2.0

Action                     || total
---------------------------++-------
   Fire: Sling             ||   116
    Use: Scroll            ||     6
         Potion            ||     2
 Armour: Robe              ||    13
  Dodge: Dodged            ||    22

Table legend:
 A = Non-vault XP
 B = Vault XP
 C = Vault XP percentage of total XP
 D = Non-vault monster count
 E = Vault monster count
 F = Vault count percentage of total count
                 A         B        C        D         E       F
            +---------+---------+-------+---------+---------+-------
      Total |      93 |       0 |   0.0 |      41 |       0 |   0.0
            +---------+---------+-------+---------+---------+-------
        D:1 |      33 |       0 |   0.0 |      20 |       0 |   0.0
        D:2 |      33 |       0 |   0.0 |      13 |       0 |   0.0
        D:3 |      27 |       0 |   0.0 |       8 |       0 |   0.0
            +---------+---------+-------+---------+---------+-------
